 Dungeon Crawl Stone Soup version 0.31-a0-431-g88bdf31460 (webtiles) character file.

Game seed: 16049516462419080120

52796 floatRand the Black Belt (level 14, 0/85 HPs)
             Began as an Octopode Shapeshifter on July 31, 2023.
             Was an Initiate of Gozag.
             Slain by a manticore (19 damage)
             ... on level 12 of the Dungeon.
             The game lasted 00:34:05 (24458 turns).

floatRand the Black Belt (Octopode Shapeshifter)   Turns: 24458, Time: 00:34:05

Health: 0/85       AC:  5    Str: 26    XL:     14   Next: 65%
Magic:  14/14      EV: 19    Int: 13    God:    Gozag
Gold:   3374       SH:  0    Dex: 21    Spells: 13/13 levels left

rFire   + .          .
                       - Unarmed
rCold   + . .        (no shield)
rNeg    + . .        (helmet currently unavailable)
rPois   +            (no amulet)
rElec   .            i - +6 ring of intelligence
rCorr   +            k - +6 ring of strength
SInv    .            p - +4 ring of protection
Will    +....        v - ring of protection from cold
Stlth   +++++        r - ring of resist corrosion
HPRegen 0.34/turn    y - ring "Hisocong" {rPois Str+6 Int-3 Dex+3}
MPRegen 0.14/turn    B - ring of positive energy
                     o - ring of protection from fire

%: no passive effects
@: beast-form, studying Evocations
A: beast (slay +7), almost no armour, amphibious, 8 rings, camouflage 1,
gelatinous body 1, (nimble swimmer 1), tentacles
a: Begin Untransformation, Renounce Religion, Potion Petition, Call Merchant,
Bribe Branch


You were on level 12 of the Dungeon.
You worshipped Gozag.
Gozag was most pleased with you.
You were a hulking beast.
You visited 2 branches of the dungeon, and saw 17 of its levels.
You also visited: Sewer.

You collected 6089 gold pieces.
You spent 1171 gold pieces at shops.
You paid 1544 gold pieces to Gozag.

Inventory:

Missiles
 D - a throwing net
Armour
 f - a +2 hat
Jewellery
 i - a +6 ring of intelligence (left tentacle)
 k - a +6 ring of strength (right tentacle)
 o - a ring of protection from fire (on tentacle)
 p - a +4 ring of protection (on tentacle)
 r - a ring of resist corrosion (on tentacle)
 v - a ring of protection from cold (on tentacle)
 y - the ring "Hisocong" (on tentacle) {rPois Str+6 Int-3 Dex+3}
   (You bought it in a shop on level 6 of the Dungeon)

   [ring of strength]

   Str:       It affects your strength (+6).
   Int:       It affects your intelligence (-3).
   Dex:       It affects your dexterity (+3).
   rPois:     It protects you from poison.
 B - a ring of positive energy (on tentacle)
 I - a ring of ice
 K - a ring of protection from cold
Talismans
 b - a beast talisman (active)
Wands
 q - a wand of flame (4)
 C - a wand of roots (7)
 F - a wand of charming (18)
Scrolls
 c - a scroll of fear
 e - a scroll of silence
 g - 3 scrolls of immolation
 j - 5 scrolls of teleportation
 m - 2 scrolls of blinking
 n - a scroll of torment
 x - 2 scrolls of enchant weapon
 z - 2 scrolls of revelation
 G - a scroll of poison
 J - a scroll of enchant armour
Potions
 a - 3 potions of lignification
 d - 2 potions of magic
 h - 5 potions of curing
 l - 2 potions of brilliance
 s - 2 potions of might
 t - 2 potions of heal wounds
 w - 4 potions of haste
 A - 2 potions of mutation
 E - 4 potions of attraction
 H - a potion of cancellation


   Skills:
 - Level 4.0 Fighting
 + Level 8.3 Dodging
 - Level 8.4 Stealth
 * Level 16.8 Unarmed Combat
 + Level 10.5 Evocations
 * Level 12.5 Shapeshifting


You had 13 spell levels left.
You didn't know any spells.
Your spell library contained the following spells:

 Spells                   Type           Power      Damage    Failure   Level
 Freeze                   Ice            0%         1d3       30%         1
 Frozen Ramparts          Ice            0%         1d1       67%         3
 Hailstorm                Conj/Ice       0%         3d3       67%         3
 Summon Ice Beast         Ice/Summ       0%         N/A       97%         4
 Summon Mana Viper        Hex/Summ       0%         N/A       100%        5
 Monstrous Menagerie      Summ           0%         N/A       100%        7


Dungeon Overview and Level Annotations

Branches:
Dungeon (12/15)            Temple (0/1) D:4            Lair (5/5) D:8
  Swamp (0/4) Lair:3        Snake (0/4) Lair:2        Slime (0/5) Lair:5
  Sewer (visited)
    Orc: D:9-12

Altars:
Cheibriados
Elyvilon
Fedhas
Gozag
Hepliaklqana
Kikubaaqudgha
Makhleb
Qazlal
Ru
Sif Muna
Trog
Uskayaw
Wu Jian
Yredelemnul
Jiyva

Shops:
D:6 =   D:8 ?   D:9 *

Annotations:
D:8 2 transporters, Maurice
Lair:5 3 runed translucent doors, gabibbone's ghost, journeyman OgSh


Innate Abilities, Weirdness & Mutations

You are a hulking beast.
Your limbs bulge with bestial killing power. (Slay +7)
You cannot wear most types of armour.
You are amphibious.
You can wear up to eight rings at the same time.
Your skin changes colour to match your surroundings (Stealth+).
Your rubbery body absorbs attacks. (AC +1, EV +1)
((You are camouflaged when in or above water. (Stealth+)))
You have tentacles for arms and can constrict up to eight enemies at once.


Message History

The orc attacks as you move away! The orc completely misses you.
You batter the orc!!
You kill the orc!
You batter the orc warrior!!
You kill the orc warrior!
No target in view!
A manticore comes into view.
The shadow strikes at you from the darkness!
Reactivating autopickup.
Items here: $ )) [.
The shadow hits you.
You bludgeon the shadow! You squeeze the shadow!
You destroy the shadow!
The manticore is distracted by your dazzling golden aura.
You see here 4 gold pieces.
Things that are here:
9 gold pieces; a +0 mace; a +0 scale mail The manticore is no longer distracted by gold.
The manticore barely misses you. The manticore completely misses you.
The manticore claws you.
You tentacle-slap the manticore.
The manticore is lightly wounded.
The manticore misses you. The manticore claws you.
The manticore closely misses you.
You barely miss the manticore. You squeeze the manticore.
The manticore is lightly wounded.
The manticore bites you!!
* * * LOW HITPOINT WARNING * * *
The manticore claws you.
* * * LOW HITPOINT WARNING * * *
The manticore misses you.
You barely miss the manticore.
You squeeze the manticore, but do no damage.
The manticore is lightly wounded.
Unknown command.
You barely miss the manticore.
The manticore is lightly wounded.
The manticore bites you!!
You die...
Your body crumbles into a pile of gold.

$ $
...............
...............
................#
.................
..................
...............#
#......H.......#
..#....h.....#
#.##...$....##
#.###...$...#
#..######$..#
#..####....#
#..........#
##.....##..# #
##.....##..# ##.
##......##..#


You could see a manticore.

Vanquished Creatures
  Fannar (Lair:3)
  4 hydras
  A catoblepas (Lair:3)
  5 death yaks
  A skyshark (Lair:2)
  Amaemon (Lair:3)
  Lodul (D:11)
  Pikel (D:5)
  2 lindwurms
  A deep elf pyromancer (D:9)
  6 black mambas
  12 elephants
  3 molten gargoyles (Lair:5)
  8 cane toads
  Maggie (D:10)
  Psyche (D:11)
  An unseen horror (D:12)
  3 rime drakes
  An orange demon (Lair:3)
  16 komodo dragons
  4 polar bears
  2 trolls
  17 blink frogs
  12 dream sheep
  2 shadows
  53 yaks
  A spriggan (Lair:3)
  10 wyverns
  2 wraiths
  Eustachio (D:5)
  Grum (D:11)
  2 steam dragons (Lair:5)
  6 basilisks
  8 vampire mosquitoes
  A naga (Lair:2)
  4 hell hounds (Lair:5)
  An acid dragon (D:11)
  11 water moccasins
  2 orc warriors
  A sky beast (D:5)
  8 black bears
  An ice beast (D:7)
  8 ogres
  11 wolves
  3 centaurs
  A lemure (D:4)
  A phantom (D:4)
  5 kobold brigands
  13 bullfrogs
  3 gnoll sergeants (D:10)
  3 scorpions
  21 wights
  5 killer bees (D:9)
  3 howler monkeys (D:11)
  6 electric eels
  A centaur zombie (D:9)
  4 hounds
  4 lava snakes (Lair:5)
  A jelly (D:7)
  5 orc priests
  6 iguanas
  9 orc wizards
  A sleepcap (D:5)
  A killer bee zombie (D:9)
  A howler monkey zombie (D:9)
  14 gnolls
  17 adders
  2 shadow imps
  2 ufetubi
  2 worms
  2 dart slugs
  26 orcs
  4 bats
  16 endoplasms
  12 giant cockroaches
  13 goblins
  11 hobgoblins
  8 jackals
  24 kobolds
  9 quokkas
  9 ball pythons
  10 frilled lizards
  8 rats
  A spectral orc (D:11)
526 creatures vanquished.

Notes
Turn   | Place    | Note
-------+----------+-------------------------------------------
     0 | D:1      | floatRand the Octopode Shapeshifter began the quest for the
                  | Orb.
     0 | D:1      | Reached XP level 1. HP: 13/13 MP: 1/1
   108 | D:1      | Reached XP level 2. HP: 10/18 MP: 2/2
   419 | D:1      | Reached XP level 3. HP: 18/23 MP: 3/3
   883 | D:2      | Reached skill level 4 in Unarmed Combat
  1566 | D:3      | Reached XP level 4. HP: 28/28 MP: 4/4
  1595 | D:3      | Found an ornate altar of the Wu Jian Council.
  1901 | D:3      | Found a glowing drain.
  1910 | Sewer    | Entered a sewer
  1994 | Sewer    | Reached XP level 5. HP: 29/33 MP: 5/5
  2015 | Sewer    | Reached skill level 5 in Unarmed Combat
  2318 | Sewer    | Reached XP level 6. HP: 36/38 MP: 6/6
  2330 | Sewer    | Reached skill level 6 in Unarmed Combat
  2338 | Sewer    | Identified the +0 scale mail of the Contumacious God {SInv}
  2846 | D:3      | Found a hide-covered altar of Uskayaw.
  3324 | D:4      | Reached XP level 7. HP: 18/43 MP: 7/7
  3586 | D:4      | Found a sacrificial altar of Ru.
  3974 | D:4      | Found an opulent altar of Gozag.
  4031 | D:4      | Found a staircase to the Ecumenical Temple.
  4164 | D:4      | Became a worshipper of Gozag Ym Sagoz the Greedy
  4424 | D:5      | Entered Level 5 of the Dungeon
  4428 | D:5      | Noticed Pikel
  4467 | D:5      | Reached skill level 7 in Unarmed Combat
  4479 | D:5      | Reached skill level 5 in Shapeshifting
  4631 | D:5      | Found a shimmering blue altar of Sif Muna.
  4635 | D:5      | Reached XP level 8. HP: 48/48 MP: 8/8
  4749 | D:5      | Noticed Eustachio
  4762 | D:5      | Killed Eustachio
  4763 | D:5      | Reached skill level 8 in Unarmed Combat
  4954 | D:5      | Killed Pikel
  4955 | D:5      | Reached skill level 9 in Unarmed Combat
  5247 | D:5      | Identified a scroll of acquirement
  5247 | D:5      | Acquired 777 gold pieces
  5326 | D:6      | Reached XP level 9. HP: 53/53 MP: 9/9
  5596 | D:6      | Reached skill level 10 in Unarmed Combat
  5728 | D:6      | Found a basalt altar of Yredelemnul.
  5899 | D:6      | Found an ancient bone altar of Kikubaaqudgha.
  5900 | D:6      | Found a blossoming altar of Fedhas.
  6008 | D:6      | Found a burning altar of Makhleb.
  6085 | D:6      | Bought a ring of resist corrosion for 320 gold pieces
  6275 | D:7      | Found a snail-covered altar of Cheibriados.
  6419 | D:7      | Found a bloodstained altar of Trog.
  6421 | D:7      | Identified the +8 trident "Giantslayer" {heavy, rC+ Dex+3}
  6487 | D:7      | Reached skill level 11 in Unarmed Combat
  6832 | D:7      | Found a hazy altar of Hepliaklqana.
  7253 | D:8      | Noticed Maurice
  7254 | D:8      | Noticed a cyclops
  7254 | D:8      | Noticed a centaur warrior
  7254 | D:8      | Noticed a two-headed ogre
  7254 | D:8      | Noticed a centaur warrior
  7278 | D:8      | Found a transporter.
  7291 | D:8      | Noticed a komodo dragon
  7296 | D:8      | Noticed a tarantella
  7307 | D:8      | a tarantella changed into a moth of wrath
  7307 | D:8      | Noticed a moth of wrath (shapeshifter)
  7318 | D:8      | a moth of wrath changed into a swamp dragon
  7318 | D:8      | Noticed a swamp dragon (shapeshifter)
  7322 | D:8      | a swamp dragon changed into a floating eye
  7410 | D:8      | Reached XP level 10. HP: 21/58 MP: 10/10
  7729 | D:8      | Reached skill level 12 in Unarmed Combat
  7790 | D:8      | Found a staircase to the Lair.
  8081 | D:8      | Found a transporter.
  8082 | D:8      | Noticed an anaconda
  8442 | D:6      | Bought the ring "Hisocong" {rPois Str+6 Int-3 Dex+3} for
                  | 755 gold pieces
  8637 | D:9      | Found Elutt's General Store.
  9058 | D:9      | Reached skill level 13 in Unarmed Combat
  9236 | D:9      | Reached skill level 1 in Stealth
  9541 | D:9      | Noticed a deep elf pyromancer
  9552 | D:9      | Killed a deep elf pyromancer
  9553 | D:9      | Reached XP level 11. HP: 43/63 MP: 11/11
 10242 | D:10     | Entered Level 10 of the Dungeon
 10265 | D:10     | Noticed Maggie
 10275 | D:10     | Killed Maggie
 10757 | D:10     | Found a white marble altar of Elyvilon.
 11101 | D:10     | Found a stormy altar of Qazlal.
 11615 | D:11     | Reached skill level 1 in Evocations
 11748 | D:11     | Noticed Grum
 11753 | D:11     | Killed Grum
 12105 | D:11     | Noticed Psyche
 12112 | D:11     | Killed Psyche
 12113 | D:11     | Reached skill level 5 in Stealth
 12178 | D:11     | Found a basalt altar of Yredelemnul.
 12268 | D:11     | Reached skill level 14 in Unarmed Combat
 12278 | D:11     | Noticed Lodul
 12292 | D:11     | Killed Lodul
 12699 | Lair:1   | Entered Level 1 of the Lair of Beasts
 12923 | D:8      | Reached XP level 12. HP: 45/68 MP: 12/12
 13346 | Lair:1   | Identified the +8 rapier of Evil {holy, +Blink rPois rC+}
 13610 | Lair:1   | Noticed an eight-headed hydra
 13831 | Lair:1   | Reached skill level 5 in Dodging
 13831 | Lair:1   | Reached skill level 10 in Shapeshifting
 14086 | Lair:1   | Acquired a manual of Evocations
 14293 | Lair:1   | HP: 3/68 [eight-headed hydra (11)]
 14294 | Lair:1   | Killed an eight-headed hydra
 14870 | Lair:2   | Noticed a skyshark
 15175 | Lair:2   | Found a staircase to the Snake Pit.
 15560 | Lair:2   | Killed a skyshark
 15711 | D:8      | Bought a scroll of identify for 24 gold pieces
 15711 | D:8      | Bought a scroll of identify for 24 gold pieces
 15711 | D:8      | Bought a scroll of identify for 24 gold pieces
 15711 | D:8      | Bought a scroll of identify for 24 gold pieces
 15799 | Lair:2   | Reached skill level 5 in Evocations
 16292 | Lair:2   | Reached skill level 15 in Unarmed Combat
 16309 | Lair:3   | Noticed Fannar
 16312 | Lair:3   | Killed Fannar
 16313 | Lair:3   | Noticed a five-headed hydra
 16423 | Lair:2   | Reached XP level 13. HP: 55/72 MP: 13/13
 17140 | Lair:3   | Noticed Amaemon
 17383 | Lair:3   | Found a staircase to the Swamp.
 18311 | Lair:3   | Killed Amaemon
 19952 | Lair:5   | Entered Level 5 of the Lair of Beasts
 19965 | Lair:4   | Reached skill level 16 in Unarmed Combat
 20361 | Lair:5   | Reached XP level 14. HP: 84/85 MP: 14/14
 20484 | Lair:5   | Found a viscous altar of Jiyva.
 20484 | Lair:5   | Found a staircase to the Slime Pits.
 21785 | Lair:5   | Found a runed translucent door.
 21800 | Lair:5   | Noticed gabibbone's ghost (journeyman OgSh)
 22651 | Lair:5   | Reached skill level 10 in Evocations
 23076 | Lair:5   | Found a large runed translucent door.
 23647 | Lair:5   | Found a large runed translucent door.
 24458 | D:12     | Slain by a manticore

Illustrated notes

Levels and vault maps discovered:
D:1:      erik_arrival_orb_chamber, layout_basic
D:2:      layout_basic
D:3:      layout_basic, marbit_many_paths, nicolae_overflow_hidden_temple,
          lightli_sewer_entry_pipes, nicolae_houndstooth_variations
D:4:      layout_loops_ring, kennysheep_mini_moat, nicolae_ru_path_of_blood,
          minmay_temple_entry_fiery
D:5:      layout_cave_pools, general_overflow_altar, uniq_eustachio, uniq_pikel
D:6:      layout_basic, grunt_temple_overflow_growth_and_decay,
          old_standard_altar, lemuel_coloured_pillars_altar, serial_bayou_ford_a
D:7:      layout_basic, bloody_trog, nicolae_hepliaklqana_hazy_memory,
          mainiacjoe_overflow_cross_hatched
D:8:      gammafunk_the_bubble [the_bubble_gammafunk_plus_minus], layout_basic,
          minmay_lair_entry_grove, serial_curves, eino_curves_04,
          eino_curves_02, serial_bayou_pond_c, uniq_maurice
D:9:      layout_roguey, serial_shops, kennysheep_mini, serial_undead,
          serial_undead_e, serial_undead_f, serial_undead_b, serial_undead_b
D:10:     layout_basic, nicolae_qazlal_eye_of_the_storm,
          nicolae_elyvilon_temple_path, minmay_fountain_box, uniq_maggie
D:11:     layout_basic, yredelemnul_forgotten_temple_becter, uniq_grum,
          uniq_psyche, uniq_lodul
D:12:     layout_layer_cave, david_orc_3, minivault_5, uniq_sonja, uniq_frances
Lair:1:   layout_layer_cave, minivault_11, lemuel_old_faithful,
          grunt_megastairs_5, serial_bayou_shore_b
Lair:2:   layout_hall_layers, guppyfry_snake_entry_garden, lemuel_fruit_tree
Lair:3:   layout_loops_ring, minmay_swamp_entry_swarm,
          grunt_forest_stairs_clearing, uniq_amaemon, uniq_fannar
Lair:4:   layout_regular_city, infiniplex_staircase_pool_2, lemuel_fruit_fields
Lair:5:   cheibrodos_lair_end_hotspot, layout_loops_ring,
          dpeg_slime_entry_enclosed, ebering_ghost_reflecting_pool, st_stairs_5,
          serial_bayou_lagoon_b

Skill      XL: |  1  2  3  4  5  6  7  8  9 10 11 12 13 14 |
---------------+-------------------------------------------+-----
Unarmed Combat | 4 5 6 7 9 11 13 14 15 16 | 16.8
Shapeshifting  | 4 5 6 7 8 9 10 11 12 | 12.5
Stealth        | 2 5 8 |  8.4
Dodging        | 4 6 7 8 |  8.3
Evocations     | 2 6 8 10 | 10.5
Fighting       | 4 |  4.0

Action                     |  1- 3 |  4- 6 |  7- 9 | 10-12 | 13-15 || total
---------------------------+-------+-------+-------+-------+-------++-------
  Melee: Unarmed           |    70 |   127 |   188 |   405 |   383 ||  1173
         Constrict         |    15 |    25 |    49 |    69 |    55 ||   213
         Tentacles         |     9 |    26 |    37 |    94 |   106 ||   272
         Punch             |     4 |     1 |    18 |    41 |    53 ||   117
 Invoke: Call Merchant     |       |       |     1 |     1 |       ||     2
  Evoke: Wand              |       |       |       |    13 |    14 ||    27
    Use: Scroll            |       |       |    14 |     7 |    10 ||    31
         Potion            |       |       |     1 |     1 |     2 ||     4
   Stab: Sleeping          |     4 |    16 |     8 |    12 |    11 ||    51
         Distracted        |       |       |     1 |     3 |     5 ||     9
 Armour: Skin              |     5 |     8 |    39 |    50 |    38 ||   140
  Dodge: Dodged            |    50 |    55 |    94 |   190 |   201 ||   590

Table legend: (Time is in decaauts)
 A = Elapsed time spent in this place.
 B = Non-inter-level travel time spent in this place.
 C = Inter-level travel time spent in this place.
 D = Time resting spent in this place.
 E = Time spent auto-exploring this place.
 F = Levels seen in this place.
 G = Mean time per level.
                   A        B        C        D        E       F      G
               +--------+--------+--------+--------+--------+-----+--------+
         Total |  24233 |  23227 |   1006 |   7621 |   9640 |  18 | 1346.3 |
       Dungeon |  12916 |  12113 |    803 |   2604 |   6759 |  12 | 1076.3 |
          Lair |  10800 |  10598 |    202 |   4787 |   2879 |   5 | 2160.0 |
         Sewer |    516 |    516 |      0 |    229 |      2 |   1 |  516.0 |
               +--------+--------+--------+--------+--------+-----+--------+

Top non-repeatable levels by time:
  Lair:5: 3820 daAuts
  Lair:3: 2158 daAuts
  Lair:1: 1941 daAuts
     D:8: 1711 daAuts
     D:9: 1633 daAuts
  Lair:2: 1445 daAuts
  Lair:4: 1434 daAuts
    D:10: 1296 daAuts
     D:4: 1253 daAuts
     D:3: 1198 daAuts
    D:11: 1128 daAuts
     D:7: 1110 daAuts
     D:5: 854 daAuts
     D:6: 833 daAuts
     D:2: 779 daAuts
